 Dungeon Crawl Stone Soup version 0.28-a0-258-g8de209e91f (webtiles) character file.

Game seed: 16946252018321653128

141 dolemite99 the Chopper (level 5, 0/45 HPs)
             Began as a Minotaur Chaos Knight on Aug 27, 2021.
             Was a Plaything of Xom.
             Slain by a killer bee zombie (4 damage)
             ... on level 3 of the Dungeon.
             The game lasted 00:03:11 (3400 turns).

dolemite99 the Chopper (Minotaur Chaos Knight)      Turns: 3400, Time: 00:03:12

Health: 0/45       AC:  3    Str: 15 (16) XL:     5   Next: 3%
Magic:  4/4        EV: 10    Int:  7      God:    Xom [.*....]
Gold:   281        SH:  0    Dex:  9      Spells: 4/4 levels left

rFire   . . .      SeeInvis .   a - +0 hand axe (chaos)
rCold   . . .      Faith    .   (no shield)
rNeg    . . .      Spirit   .   m - +0 ring mail
rPois   .          Reflect  .   (helmet restricted)
rElec   .          Harm     .   (no cloak)
rCorr   .          Rampage  .   (no gloves)
Will    .....                   (no boots)
Stlth   ..........              (no amulet)
HPRegen 0.15/turn               (no ring)
MPRegen 0.09/turn               (no ring)

@: no status effects
A: horns 2, retaliatory headbutt, deformed body, deterioration 1, dopey 1, weak
1
a: Renounce Religion


You were on level 3 of the Dungeon.
You worshipped Xom.
You were a plaything of Xom.
You visited 1 branch of the dungeon, and saw 3 of its levels.

You collected 281 gold pieces.

Inventory:

Hand Weapons
 a - a +0 hand axe of chaos (weapon)
 b - a +0 hunting sling
 l - a +0 hunting sling
 p - a +2 vampiric rapier
Missiles
 g - 13 stones (quivered)
 h - 7 boomerangs
 i - 9 sling bullets
Armour
 e - a +2 leather armour
 m - a +0 ring mail (worn)
Scrolls
 c - a scroll of noise {unknown}
 d - a scroll of identify {unknown}
 f - a scroll of fear {unknown}
 j - a scroll of vulnerability {unknown}
 k - a scroll of blinking {unknown}
 o - a scroll of teleportation {unknown}


   Skills:
 - Level 3.6 Fighting
 + Level 7.0 Axes
 - Level 2.4 Armour
 - Level 1.1 Dodging


You had 4 spell levels left.
You didn't know any spells.
Your spell library contained the following spells:

 Spells                   Type           Power      Damage    Failure   Level
 Freeze                   Ice            0%         1d3       65%         1
 Frozen Ramparts          Ice            0%         1d2       95%         3
 Hailstorm                Conj/Ice       0%         3d3       100%        4


Dungeon Overview and Level Annotations

Branches:
Dungeon (3/15)

Altars:
Uskayaw
Xom
Beogh


Innate Abilities, Weirdness & Mutations

You have a pair of horns on your head.
You reflexively headbutt those who attack you in melee.
Armour fits poorly on your strangely shaped body.
Your body sometimes deteriorates upon taking damage.
You are dopey. (Int -2)
You are weak. (Str -2)


Message History

The orc priest hits you with a +0 whip. The quokka barely misses you.
You hit the orc priest but do no damage.
The orc priest is moderately wounded.
You closely miss the quokka. The quokka barely misses you.
You hit the orc priest. You freeze the orc priest.
The orc priest is heavily wounded.
You barely miss the quokka. The quokka bites you.
You barely miss the orc priest.
The orc priest is heavily wounded.
You hit the quokka.
You kill the quokka!
The orc priest hits you with a +0 whip.
You hit the orc priest.
Lightning courses through the orc priest!
You kill the orc priest!
You feel your dexterity returning.
Your Axes skill increases to level 7!
You have reached level 5!
You see here a quokka corpse.
b - a +0 hunting sling (weapon)
You start resting.
A killer bee zombie is nearby!
A killer bee zombie is nearby!
A killer bee zombie is nearby!
A killer bee zombie is nearby!
Your +0 hand axe of chaos is briefly surrounded by a scintillating aura of random colours.
a - a +0 hand axe of chaos (weapon)
The killer bee zombie hits you!
Your body deteriorates!
You feel weakened. The killer bee zombie misses you.
You barely miss the killer bee zombie.
Your headbutt misses the killer bee zombie.
The killer bee zombie hits you.
* * * LOW HITPOINT WARNING * * *
You hit the killer bee zombie but do no damage.
Your headbutt misses the killer bee zombie.
The killer bee zombie hits you.
* * * LOW HITPOINT WARNING * * *
The killer bee zombie hits you.
You die...

### ..#
############# ..#
#......(...)####
..###(.(.....))†...#
.......#.#.###.#Z#.#
..###..#.#.#.#.#@#.#
..# ##.###.#.#.###.#
.o# #.............#
..# #..)..........#
#o# #.###.###.#.#.#
..# #.#.#.#...#.#[##
### #.#.#.###.###..#
#.. ...........# #
#.. ...........#


You could see a killer bee zombie.

Vanquished Creatures
  An orc priest (D:3)
  4 adders
  2 worms (D:2)
  A dart slug (D:2)
  8 orcs (D:3)
  4 bats
  7 endoplasms
  2 giant cockroaches
  5 goblins (D:1)
  4 hobgoblins
  2 jackals (D:2)
  3 quokkas
  3 ball pythons
  A frilled lizard (D:2)
  7 kobolds
  4 rats
58 creatures vanquished.

Notes
Turn   | Place    | Note
-------+----------+-------------------------------------------
     0 | D:1      | dolemite99 the Minotaur Chaos Knight began the quest for
                  | the Orb.
     0 | D:1      | Reached XP level 1. HP: 19/19 MP: 0/0
    52 | D:1      | Reached skill level 4 in Axes
   149 | D:1      | XOM: silly message
   456 | D:1      | Reached XP level 2. HP: 26/26 MP: 1/1
   881 | D:1      | XOM: scenery: create altars
  1185 | D:2      | Reached skill level 5 in Axes
  1185 | D:2      | Reached XP level 3. HP: 29/31 MP: 2/2
  1805 | D:2      | Reached skill level 6 in Axes
  1805 | D:2      | Reached XP level 4. HP: 28/39 MP: 3/3
  2175 | D:2      | XOM: give mutations
  2175 | D:2      | Gained mutation: You are weak. (Str -2) [Xom's mischief]
  2175 | D:2      | Gained mutation: Your body sometimes deteriorates upon
                  | taking damage. [Xom's mischief]
  2175 | D:2      | Gained mutation: Armour fits poorly on your strangely
                  | shaped body. [Xom's mischief]
  2175 | D:2      | Gained mutation: You are dopey. (Int -2) [Xom's mischief]
  2655 | D:3      | XOM: 3-stop teleportation journey
  2708 | D:3      | Found a hide-covered altar of Uskayaw.
  2772 | D:3      | XOM: enchant monster (bad)
  2774 | D:3      | XOM: fog
  3191 | D:3      | XOM: smoke on damage
  3327 | D:3      | XOM: enchant monster (bad)
  3351 | D:3      | Reached skill level 7 in Axes
  3351 | D:3      | Reached XP level 5. HP: 14/45 MP: 4/4
  3400 | D:3      | Slain by a killer bee zombie

Illustrated notes

Levels and vault maps discovered:
D:1:      amcnicky_arrival_choice, layout_loops_ring, minmay_misc_feat_doors
D:2:      layout_loops_ring, guppyfry_early_lair_pool
D:3:      layout_rooms, amcnicky_altar_gilded,
          hellmonk_ecumenical_altar_defaced_shrine, minmay_misc_feat_nine_boxes,
          lemuel_flame_loot_1

Skill      XL: |  1  2  3  4 |
---------------+-------------+-----
Axes           | 4 5 6 7 |  7.0
Fighting       | |  3.6
Armour         | |  2.4
Dodging        | |  1.1

Action                   |  1- 3 |  4- 6 || total
-------------------------+-------+-------++-------
Melee: Hand axe          |    47 |    14 ||    61
       Headbutt          |     6 |     1 ||     7
 Fire: Hunting sling     |    51 |    42 ||    93
Throw: Stone             |     1 |       ||     1
  Use: Potion            |       |     1 ||     1
Armor: Leather armour    |    21 |       ||    21
       Ring mail         |     3 |    15 ||    18
Dodge: Dodged            |    45 |    32 ||    77

Table legend: (Time is in decaauts)
 A = Elapsed time spent in this place.
 B = Non-inter-level travel time spent in this place.
 C = Inter-level travel time spent in this place.
 D = Time resting spent in this place.
 E = Time spent auto-exploring this place.
 F = Levels seen in this place.
 G = Mean time per level.
                   A        B        C        D        E       F      G
               +--------+--------+--------+--------+--------+-----+--------+
         Total |   3415 |   3361 |     54 |   1201 |   1583 |   3 | 1138.3 |
       Dungeon |   3415 |   3361 |     54 |   1201 |   1583 |   3 | 1138.3 |
               +--------+--------+--------+--------+--------+-----+--------+

Top non-repeatable levels by time:
     D:3: 1194 daAuts
     D:2: 1143 daAuts
     D:1: 1077 daAuts
